 Dungeon Crawl Stone Soup version 0.24-a0-170-gd8427f5 (webtiles) character file.

Game seed: 7100761775711344584

907 Azzok the Insei (level 8, -5/48 HPs)
             Began as an Octopode Transmuter on Mar 10, 2019.
             Was an Initiate of Ashenzari.
             Slain by a scorpion (10 damage)
             ... on level 5 of the Dungeon.
             The game lasted 00:09:11 (6465 turns).

Azzok the Insei (Octopode Transmuter)               Turns: 6465, Time: 00:09:12

Health: -5/48      AC:  2    Str:  9    XL:     8   Next: 8%
Magic:  6/14       EV: 20    Int: 22    God:    Ashenzari [......]
Gold:   196        SH:  0    Dex: 18    Spells: 7/15 levels left

rFire    . . .     SeeInvis .     - Unarmed
rCold    . . .     Gourm    .   (shield currently unavailable)
rNeg     . . .     Faith    .   (helmet currently unavailable)
rPois    x         Spirit   .   (no amulet)
rElec    .         Reflect  .   i - ring of resist corrosion
rCorr    +         Harm     .   (no ring)
MR       .....                  (no ring)
Stlth    ++........             (no ring)
HPRegen  0.16/turn              (no ring)
MPRegen  0.14/turn              (no ring)
                                (no ring)
                                (no ring)

@: brilliant, lethally poisoned (-5 -> -21), about to teleport, spider-form
(expiring), very slightly contaminated
A: tiny, almost no armour, stealthy swim, (amphibious), 8 rings, (constrict 8)
a: End Transformation, Curse Item, Renounce Religion


You were on level 5 of the Dungeon.
You worshipped Ashenzari.
Ashenzari was noncommittal.
You were very hungry.
You were a venomous arachnid creature.
You visited 1 branch of the dungeon, and saw 5 of its levels.

You collected 196 gold pieces.

Inventory:

Hand Weapons
 h - a +2 dagger of venom (melded)
Missiles
 a - 83 arrows
Jewellery
 f - an uncursed amulet of the acrobat
 i - a ring of resist corrosion (left front leg)
 k - a cursed amulet of inaccuracy
Scrolls
 d - 4 scrolls of remove curse
 e - a scroll of magic mapping {unknown}
 g - 6 scrolls of identify
 l - a scroll of teleportation
 n - a scroll of immolation
 t - 3 scrolls of enchant weapon
Potions
 b - a potion of brilliance
 j - 2 potions of curing
 m - a potion of invisibility {unknown}
 o - 2 potions of cancellation {unknown}
 p - a potion of ambrosia {unknown}
 r - a potion of mutation {unknown}
 s - a potion of heal wounds {unknown}
 u - 2 potions of might {unknown}
Comestibles
 c - 6 rations


   Skills:
 - Level 1.0 Fighting
 - Level 2.0 Dodging
 + Level 6.4 Unarmed Combat
 + Level 4.0 Spellcasting
 + Level 6.0 Transmutations


You had 7 spell levels left.
You knew the following spells:

 Your Spells              Type           Power        Failure   Level  Hunger
a - Beastly Appendage     Tmut           #####.       1%          1    None
b - Spider Form           Tmut/Pois      ####......   3%          3    ###....
c - Ice Form              Ice/Tmut       ####....     8%          4    ####...

Your spell library contained the following spells:

 Spells                   Type           Power        Failure   Level  Hunger
 Sticks to Snakes         Tmut           #####...     1%          2    #......
 Corona                   Hex            ###....      3%          1    None
 Sting                    Conj/Pois      ###.         3%          1    None
 Ensorcelled Hibernation  Hex/Ice        ###...       4%          2    #......
 Poisonous Vapours        Pois/Air       ###...       4%          2    #......
 Blade Hands              Tmut           #####.....   6%          5    ######.
 Confuse                  Hex            ###.....     8%          3    ###....
 Dazzling Spray           Conj/Hex       ###...       8%          3    ###....
 Mephitic Cloud           Conj/Pois/Air  ###.....     8%          3    ###....
 Tukima's Dance           Hex            ###.....     8%          3    ###....
 Olgreb's Toxic Radiance  Pois           ###.....     19%         4    ####...
 Venom Bolt               Conj/Pois      ###.......   41%         5    ######.


Dungeon Overview and Level Annotations

Branches:
Dungeon (5/15)             Temple (0/1) D:5

Altars:
Ashenzari
Dithmenos
Hepliaklqana
Kikubaaqudgha
Sif Muna
Uskayaw
Vehumet
Yredelemnul


Innate Abilities, Weirdness & Mutations

You cannot wear most types of armour.
You are very stealthy in the water. (Stealth+)
((You are amphibious.))
You can wear up to eight rings at the same time.
((You can use your tentacles to constrict eight enemies at once.))
((Your skin changes colour to match your surroundings (Stealth+).))
((Your rubbery body absorbs attacks. (AC +1, EV +1)))


Message History

* * * LOW HITPOINT WARNING * * *
You feel sick.
* * * LOW HITPOINT WARNING * * *
You feel sick.
The crimson imp laughs crazily.
The jackal closely misses you.
Your surroundings seem slightly different.
* * * LOW HITPOINT WARNING * * *
You feel sick.
An ooze comes into view.
The ooze quivers.
The centaur shoots an arrow.
The arrow completely misses you.
The crimson imp blinks!
The leopard gecko skeleton barely misses you.
The howler monkey barely misses you.
As you read the scroll of teleportation, it crumbles to dust.
You feel strangely unstable.
* * * LOW HITPOINT WARNING * * *
You feel sick. The jackal misses you. The scorpion stings you!
You die...

▒▒▒· ···· ····· ▒··
▒▒[···( ▒·· ·····%·
··▒·· ▒▒)······ ··· ·
▒▒▒········ ▒··· ▒▒▒▒▒▒
▒▒▒▒▒▒▒·c········ ▒···
▒····▒▒▒·····(·hhZ··J··$
▒··
▒·>·········§··Zs·▒▒▒$··
▒· ▒·········▒▒▒·5s>▒▒
▒· ▒▒ ▒········▒▒ ▒▒···▒
▒ ▒·····[·▒▒ ▒5(·▒ ▒
▒·······▒ ▒>··▒
▒······▒▒ ▒··▒▒ ▒······▒
▒▒·▒ ▒······▒ ▒▒·▒
▒······▒ ▒··▒


You could see a centaur (inner flame), a scorpion (inner flame), a howler monkey
(inner flame), a crimson imp (inner flame), an ooze, a shadow imp (inner flame),
a jackal (inner flame), a leopard gecko skeleton (inner flame) and a centaur
skeleton (inner flame).

Vanquished Creatures
  Edmund (D:5)
  An ice beast (D:5)
  2 centaurs (D:5)
  A scorpion (D:4)
  A hound (D:4)
  An orc priest (D:3)
  An orc wizard (D:3)
  2 bullfrog skeletons (D:4)
  5 worker ants
  Robin (D:2)
  5 adders
  A shadow imp (D:4)
  An ooze (D:2)
  A worm (D:5)
  10 dart slugs
  5 leopard geckos
  14 orcs
  11 bats
  3 bat zombies (D:2)
  2 giant cockroaches
  15 goblins
  9 hobgoblins
  4 jackals (D:1)
  4 kobolds
  A quokka (D:2)
  3 ball pythons
  4 frilled lizards
  A leopard gecko skeleton (D:5)
  9 rats
  A rat zombie (D:2)
120 creatures vanquished.

Vanquished Creatures (others)
  An orc (D:3)
  A goblin (D:3)
2 creatures vanquished.

Grand Total: 122 creatures vanquished

Notes
Turn   | Place    | Note
-------+----------+-------------------------------------------
     0 | D:1      | Azzok the Octopode Transmuter began the quest for the Orb.
     0 | D:1      | Reached XP level 1. HP: 13/13 MP: 3/3
   270 | D:1      | Reached XP level 2. HP: 18/18 MP: 5/5
   630 | D:1      | Reached XP level 3. HP: 23/23 MP: 6/6
  1252 | D:1      | Learned a level 3 spell: Spider Form
  1582 | D:2      | Found a hide-covered altar of Uskayaw.
  1582 | D:2      | Noticed Robin
  1654 | D:2      | Killed Robin
  1654 | D:2      | Reached XP level 4. HP: 27/28 MP: 7/7
  1850 | D:2      | Found an ancient bone altar of Kikubaaqudgha.
  2427 | D:3      | Reached XP level 5. HP: 28/33 MP: 8/8
  2628 | D:3      | Found a shadowy altar of Dithmenos.
  3224 | D:3      | HP: 1/33 [orc priest/+0 falchion (5)]
  3523 | D:3      | Reached skill level 5 in Unarmed Combat
  3695 | D:3      | Found a shattered altar of Ashenzari.
  3721 | D:3      | Became a worshipper of Ashenzari the Shackled
  3813 | D:3      | Reached XP level 6. HP: 30/38 MP: 9/9
  3909 | D:3      | Found a radiant altar of Vehumet.
  3909 | D:3      | Found a basalt altar of Yredelemnul.
  3910 | D:3      | Found a deep blue altar of Sif Muna.
  4498 | D:3      | Learned a level 4 spell: Ice Form
  4750 | D:4      | Found a hazy altar of Hepliaklqana.
  5295 | D:4      | Reached skill level 5 in Transmutations
  5340 | D:4      | Reached XP level 7. HP: 10/43 MP: 6/11
  5871 | D:5      | Entered Level 5 of the Dungeon
  5871 | D:5      | Noticed Edmund
  5883 | D:5      | Killed Edmund
  5980 | D:5      | Found a staircase to the Ecumenical Temple.
  6458 | D:5      | Reached XP level 8. HP: 12/48 MP: 5/14
  6465 | D:5      | Slain by a scorpion

Levels and vault maps discovered:
D:1:      lemuel_arrival_broad_hall, layout_loops_corners, columned_hall_lemuel
D:2:      layout_rooms, nicolae_overflow_crystal_walls,
          lemuel_zombie_altar_kikubaaqudgha, first_ration, uniq_robin
D:3:      kennysheep_slugbush, layout_basic, grunt_dithmenos_smoke_and_mirrors,
          cheibrodos_ashenzari_chains, gammafunk_temple_overflow_forgotten,
          chequers_decorated_corner, lemuel_old_faithful
D:4:      layout_loops_cross, overflow_temple_1_default
D:5:      layout_layer_cave, minitemple, minmay_temple_entry_tees,
          minmay_circle_x, uniq_edmund

Skill      XL: |  1  2  3  4  5  6  7 |
---------------+----------------------+-----
Transmutations | 3 4 5 6 |  6.0
Unarmed Combat | 4 5 6 |  6.4
Spellcasting   | 4 |  4.0
Fighting       | |  1.0
Dodging        | |  2.0

Action                   |  1- 3 |  4- 6 |  7- 9 || total
-------------------------+-------+-------+-------++-------
Melee: Dagger            |    90 |   151 |     7 ||   248
       Constrict         |    28 |    51 |     3 ||    82
       Tentacles         |    15 |    33 |       ||    48
       Punch             |     2 |     2 |       ||     4
       Unarmed           |       |    17 |    49 ||    66
 Cast: Spider Form       |       |     2 |     9 ||    11
  Use: Potion            |       |       |     2 ||     2
       Scroll            |       |       |     4 ||     4
 Stab: Sleeping          |     3 |     7 |       ||    10
       Distracted        |       |     2 |       ||     2
  Eat: Chunk             |     2 |     9 |     3 ||    14
       Ration            |       |     1 |       ||     1
Armor: Skin              |     2 |    27 |     6 ||    35
Dodge: Dodged            |    56 |    98 |    78 ||   232

Table legend:
 A = Non-vault XP
 B = Vault XP
 C = Vault XP percentage of total XP
 D = Non-vault monster count
 E = Vault monster count
 F = Vault count percentage of total count
                 A         B        C        D         E       F
            +---------+---------+-------+---------+---------+-------
      Total |    1037 |     259 |  20.0 |      95 |      25 |  20.8
            +---------+---------+-------+---------+---------+-------
        D:1 |      41 |       0 |   0.0 |      23 |       0 |   0.0
        D:2 |      59 |      45 |  43.3 |      16 |      15 |  48.4
        D:3 |     162 |      36 |  18.2 |      33 |       9 |  21.4
        D:4 |     373 |       0 |   0.0 |      14 |       0 |   0.0
        D:5 |     402 |     178 |  30.7 |       9 |       1 |  10.0
            +---------+---------+-------+---------+---------+-------
